 Dungeon Crawl Stone Soup version 0.30-a0-1074-g5db6f66fbb (webtiles) character file.

Game seed: 16139399634336806060

39 Arzdou the Trooper (level 3, -4/24 HPs)
             Began as a Gargoyle Fighter on Apr 13, 2023.
             Slain by a gnoll
             ... wielding a +2 whip of distortion
              (18 damage)
             ... on level 1 of the Dungeon.
             The game lasted 00:01:30 (759 turns).

Arzdou the Trooper (Gargoyle Fighter)                Turns: 759, Time: 00:01:31

Health: -4/24      AC: 14    Str: 21    XL:     3   Next: 45%
Magic:  3/3        EV:  9    Int:  8    God:
Gold:   45         SH:  4    Dex:  9    Spells: 2/2 levels left

rFire   . . .      SeeInvis .    a - +0 flail
rCold   . . .      Faith    .    c - +0 buckler
rNeg    + . .      Spirit   .    b - +0 scale mail
rPois   ∞          Reflect  .    (no helmet)
rElec   +          Rampage  .    (no cloak)
rCorr   .                        (no gloves)
Will    .....                    (no boots) Stlth
                                 (no amulet)
HPRegen 0.24/turn                f - +4 ring of protection
MPRegen 0.08/turn                (no ring)

@: no status effects
A: sickness immunity, AC +3, negative energy resistance 1, electricity
resistance, torment resistance 1, petrification resistance
a: no special abilities


You were on level 1 of the Dungeon.
You visited 1 branch of the dungeon, and saw 2 of its levels.

You collected 45 gold pieces.

Inventory:

Hand Weapons
 a - a +0 flail (weapon)
Armour
 b - a +0 scale mail (worn)
 c - a +0 buckler (worn)
Jewellery
 f - a +4 ring of protection (left hand)
Scrolls
 g - a scroll of fog {unknown}
Potions
 d - a potion of might
 e - 3 potions of curing {unknown}


   Skills:
 + Level 3.7 Fighting
 + Level 2.6 Maces & Flails
 + Level 3.4 Armour
 + Level 0.8 Dodging
 + Level 3.5 Shields


You had 2 spell levels left.
You didn't know any spells.
Your spell library was empty.

Dungeon Overview and Level Annotations

Branches:
Dungeon (2/15)

Altars:


Innate Abilities, Weirdness & Mutations

You are immune to sickness and miasma.
Your stone body is resilient. (AC +3)
You are immune to poison.
You resist negative energy. (rN+)
You are resistant to electric shocks. (rElec)
You are resistant to unholy torment.
You are immune to petrification.


Message History

You climb downwards.
The gnoll shouts! x2; You hear a shout!
There is a stone staircase leading up here.
A gnoll comes into view. It is wielding a +2 whip of distortion.
The gnoll barely misses you.
You climb upwards.
There is a stone staircase leading down here.
You barely miss the gnoll. The gnoll barely misses you.
You closely miss the gnoll. The gnoll barely misses you.
You sock the gnoll!
The gnoll is almost dead.
The gnoll hits you but does no damage. The gnoll barely misses you.
You barely miss the gnoll.
The gnoll is almost dead.
The gnoll hits you but does no damage.
You hit the gnoll.
You kill the gnoll!
You climb downwards.
The gnoll hits you with a +2 whip of distortion!
You blink.
Found 8 stones.
You can't go up here!
You block the gnoll's attack. The gnoll closely misses you.
The gnoll hits you with a +2 whip of distortion.
The gnoll attacks as you move away! The gnoll barely misses you.
The gnoll attacks as you move away! The gnoll hits you but does no damage.
Space warps around you. The gnoll attacks as you move away!
The gnoll barely misses you. You block the gnoll's attack.
There is a stone staircase leading up here.
The gnoll hits you but does no damage. The gnoll barely misses you.
You climb upwards.
There is a stone staircase leading down here.
The gnoll closely misses you. You block the gnoll's attack.
You block the gnoll's attack. The gnoll attacks as you move away!
The gnoll hits you but does no damage.
You closely miss the gnoll. The gnoll hits you but does no damage.
Space warps horribly around you!!
Ouch! That really hurt!
You die...

....#...........# #.#.#
....#.#..######.# #.#.#
#####.##.######.# #.#.#
#####...........# #.#.#
...#####.######.############.#.#
...# #.####....)...........#.#
...#####.##.....############.#.#
..........'......# ###.#
.........##....#@# #.#
.........##....#g## #.#
...^.....##.....g.# #.#
.........##.......############.#
........[##....#.>)............#
.####...###....#################
.# #...# #....# .# #...# ###.##
.# #...# #.#


You could see 2 gnolls.

Vanquished Creatures
  A gnoll (D:1)
  A dart slug (D:1)
  3 endoplasms (D:1)
  3 giant cockroaches (D:1)
  3 goblins (D:1)
  3 hobgoblins (D:1)
  4 kobolds (D:1)
  A quokka (D:1)
  2 ball pythons (D:1)
  A frilled lizard (D:1)
  2 rats (D:1)
24 creatures vanquished.

Notes
Turn   | Place    | Note
-------+----------+-------------------------------------------
     0 | D:1      | Arzdou the Gargoyle Fighter began the quest for the Orb.
     0 | D:1      | Reached XP level 1. HP: 14/14 MP: 1/1
   167 | D:1      | Reached XP level 2. HP: 19/19 MP: 2/2
   471 | D:1      | Reached XP level 3. HP: 24/24 MP: 3/3
   759 | D:1      | Slain by a gnoll

Illustrated notes

Levels and vault maps discovered:
D:1:      minmay_arrival_four_circles, layout_basic
D:2:      layout_basic, basic_altar, hellmonk_ecumenical_altar_crossroads,
          minmay_fountain_box

Action                     || total
---------------------------++-------
  Melee: Flail             ||    89
 Armour: Scale mail        ||    68
  Dodge: Dodged            ||    49
  Block: Buckler           ||    25

Table legend: (Time is in decaauts)
 A = Elapsed time spent in this place.
 B = Non-inter-level travel time spent in this place.
 C = Inter-level travel time spent in this place.
 D = Time resting spent in this place.
 E = Time spent auto-exploring this place.
 F = Levels seen in this place.
 G = Mean time per level.
                   A        B        C        D        E       F      G
               +--------+--------+--------+--------+--------+-----+--------+
         Total |    789 |    763 |     26 |      0 |    548 |   2 |  394.5 |
       Dungeon |    789 |    763 |     26 |      0 |    548 |   2 |  394.5 |
               +--------+--------+--------+--------+--------+-----+--------+

Top non-repeatable levels by time:
     D:1: 778 daAuts
     D:2: 11 daAuts
